 Dungeon Crawl Stone Soup version 0.18.1-1-g2f07953 (webtiles) character file.

9733 Danakh the Pacifist (level 11, -9/69 HPs)
             Began as a Gargoyle Gladiator on May 20, 2016.
             Was an Elder of Elyvilon.
             Mangled by an ice devil (17 damage)
             ... in an ice cave.
             The game lasted 00:27:49 (10404 turns).

Danakh the Pacifist (Gargoyle Gladiator)           Turns: 10404, Time: 00:27:50

Health: -9/69      AC: 24    Str: 23    XL:     11   Next: 51%
Magic:  23/27      EV:  1    Int:  8    God:    Elyvilon [****..]
Gold:   642        SH: 15    Dex: 13    Spells: 0 memorised, 10 levels left

rFire  + . .     SeeInvis .     C - +4 flail
rCold  . . .     Gourm    .     A - +0 plate armour
rNeg   + . .     Faith    .     L - +0 shield
rPois  ∞         Spirit   .     c - +0 helmet
rElec  +         Dismiss  .     (no cloak)
rCorr  .         Reflect  +     k - +1 pair of gloves {Dex+3}
SustAt .         Harm     .     (no boots)
MR     .....                    y - +4 amulet of reflection
Stlth  ..........               F - ring of magical power
                                z - ring of loudness (curse)

@: not resistant to hostile enchantments, extremely unstealthy
A: fire resistance 1, negative energy resistance 1, electricity resistance,
unbreathing, petrification resistance, rot immunity, AC +7
a: Lesser Healing, Heal Other, Purification, Greater Healing, Divine Protection,
Renounce Religion


You were in an ice cave.
You worshipped Elyvilon.
Elyvilon was greatly pleased with you.
You were very hungry.

You visited 3 branches of the dungeon, and saw 12 of its levels.
You also visited: Ice Cave.

You collected 642 gold pieces.

Inventory:

Hand Weapons
 C - a +4 flail (weapon)
Missiles
 d - 3 throwing nets (quivered)
Armour
 c - a +0 helmet (worn)
 k - a +1 pair of gloves of dexterity (worn)
 A - a +0 plate armour (worn)
 L - a +0 shield (worn)
Jewellery
 y - a +4 amulet of reflection (around neck)
 z - a cursed ring of loudness (left hand)
 E - an uncursed ring of stealth
 F - a ring of magical power (right hand)
 K - an uncursed amulet of rage {unknown}
Wands
 o - a wand of acid (2/15)
 u - a wand of slowing (15/48)
 H - a wand of lightning (8/15)
 P - a wand of iceblast (8/15)
Scrolls
 a - a scroll of magic mapping {unknown}
 e - 4 scrolls of enchant weapon {unknown}
 g - a scroll of noise {unknown}
 j - 2 scrolls of random uselessness {unknown}
 m - 4 scrolls of remove curse {unknown}
 n - 7 scrolls of identify {unknown}
 q - 2 scrolls of recharging {unknown}
 x - a scroll of teleportation {unknown}
 J - a scroll of immolation {unknown}
 R - a scroll of holy word {unknown}
Potions
 h - 2 potions of resistance {unknown}
 i - 2 potions of haste {unknown}
 l - 7 potions of curing
 p - 2 potions of cure mutation {unknown}
 r - a potion of degeneration {unknown}
 s - 4 potions of heal wounds {unknown}
 t - 3 potions of flight {unknown}
 v - 2 potions of magic {unknown}
 B - a potion of mutation {unknown}
 I - 2 potions of invisibility {unknown}
 M - a potion of berserk rage {unknown}
 N - 2 potions of agility {unknown}
 Q - a potion of brilliance {unknown}
Comestibles
 b - 7 slices of pizza
 f - 7 bread rations
 w - a royal jelly
 D - 7 meat rations
 G - 5 fruits
 O - 4 beef jerkies
 S - 2 chunks of flesh


   Skills:
 + Level 8.7 Fighting
 + Level 8.8 Maces & Flails
 - Level 1.7 Throwing
 + Level 8.1 Armour
 - Level 2.4 Dodging
 * Level 8.5 Shields
 + Level 9.3 Invocations


You had 10 spell levels left.
You didn't know any spells.

Dungeon Overview and Level Annotations

Branches:
Dungeon (10/15)            Temple (1/1) D:7             Orc (1/2) D:10
   Lair: D:8-11

Altars:
Cheibriados
Elyvilon
Gozag
Makhleb
Okawaru
Pakellas
Qazlal
Sif Muna
Yredelemnul
The Shining One

Shops:
D:4 %   D:5 *


Innate Abilities, Weirdness & Mutations

You are resistant to torment.
Your stone body is resilient (AC +7).
You are immune to poison.
You resist negative energy.
You are resistant to electric shocks.
You can survive without breathing.
You are immune to petrification.
You are immune to rotting.
Your flesh is heat resistant.


Message History

* * * LOW HITPOINT WARNING * * *
The ice devil freezes you!
* * * LOW HITPOINT WARNING * * *
You are healed.
You are feeling hungry.
You can no longer call upon Elyvilon for divine vigour.
The ice devil barely misses you. The ice devil hits you.
The ice devil freezes you!!
* * * LOW HITPOINT WARNING * * *
You are healed.
You are feeling very hungry.
You block the ice devil's attack. The ice devil hits you.
The ice devil freezes you!
* * * LOW HITPOINT WARNING * * *
You block the ice devil's attack.
There is an ice covered gate leading back out of this place here.
You block the ice devil's attack. The ice devil hits you.
* * * LOW HITPOINT WARNING * * *
The ice devil freezes you!
You die...

#.....#
#...#
##...#
#...##
#...##
##...#
##...##
##..44.##
#...@...#
#...∩...#
##.....##
##...##
#####


You could see 2 ice devils.

Vanquished Creatures
  2 hill giants (D:10)
  An orc sorcerer (Orc:1)
  Joseph (D:8)
  2 trolls
  Prince Ribbit (D:7)
  A shadow (D:9)
  Sigmund (D:2)
  A wyvern (D:9)
  10 yaks (D:10)
  A human (D:8)
  A hog (D:8)
  3 hippogriffs
  A water moccasin (D:9)
  4 orc warriors
  2 phantoms
  2 sky beasts
  A black bear (D:8)
  3 ogres
  6 ice beasts
  3 centaurs
  A big kobold (D:8)
  4 giant frogs
  A gnoll sergeant (D:6)
  A water moccasin zombie (D:9)
  A scorpion (D:6)
  3 wights (D:6)
  7 howler monkeys
  2 crimson imps
  5 hounds
  3 iron imps (D:4)
  9 orc wizards
  7 orc priests
  3 jellies
  A giant frog skeleton (D:9)
  Ijyb (D:2)
  Terence (D:2)
  4 iguanas
  8 worker ants
  3 sheep (D:8)
  A hound skeleton (D:10)
  A worker ant zombie (D:6)
  Robin (D:2)
  11 gnolls
  10 adders
  4 shadow imps
  2 worms (D:2)
  4 dart slugs
  6 giant geckos
  47 orcs
  4 giant cockroaches
  10 goblins
  6 hobgoblins
  9 jackals
  9 kobolds
  4 quokkas
  3 ball pythons
  5 bats
  10 giant newts
  A jackal skeleton (D:7)
  4 rats
264 creatures vanquished.

Vanquished Creatures (others)
  A centaur (D:7)
1 creature vanquished.

Grand Total: 265 creatures vanquished

Notes
Turn   | Place    | Note
--------------------------------------------------------------
     0 | D:1      | Danakh the Gargoyle Gladiator began the quest for the Orb.
     0 | D:1      | Reached XP level 1. HP: 12/12 MP: 1/1
   115 | D:1      | Reached XP level 2. HP: 13/18 MP: 2/2
   689 | D:2      | Noticed Sigmund
   703 | D:2      | Killed Sigmund
   703 | D:2      | Reached XP level 3. HP: 6/23 MP: 3/3
   703 | D:2      | Reached XP level 4. HP: 8/28 MP: 4/4
   703 | D:2      | Reached XP level 5. HP: 9/32 MP: 5/5
   986 | D:2      | Noticed Ijyb
  1007 | D:2      | Killed Ijyb
  1007 | D:2      | Reached skill level 5 in Maces & Flails
  1067 | D:2      | Noticed Robin
  1077 | D:2      | Killed Robin
  1077 | D:2      | Reached XP level 6. HP: 38/38 MP: 6/6
  1304 | D:2      | Noticed Terence
  1339 | D:2      | Killed Terence
  1350 | D:2      | Found a faded altar to an unknown god.
  1364 | D:2      | Became a worshipper of Elyvilon the Healer
  1364 | D:2      | Reached * piety under Elyvilon
  1940 | D:3      | Reached skill level 1 in Invocations
  2304 | D:3      | Found an iron altar of Okawaru.
  2311 | D:3      | Found a snail-covered altar of Cheibriados.
  2314 | D:3      | Found a stormy altar of Qazlal.
  2317 | D:3      | Found a deep blue altar of Sif Muna.
  2560 | D:3      | Reached ** piety under Elyvilon
  2875 | D:4      | Reached XP level 7. HP: 44/44 MP: 8/8
  2904 | D:4      | Reached skill level 2 in Invocations
  3230 | D:4      | Reached skill level 3 in Invocations
  3322 | D:4      | Found a burning altar of Makhleb.
  3710 | D:4      | Found Gyhexai's Food Boutique.
  3886 | D:5      | Entered Level 5 of the Dungeon
  3971 | D:5      | Reached skill level 5 in Fighting
  4129 | D:5      | Reached skill level 4 in Invocations
  4129 | D:5      | Reached XP level 8. HP: 48/49 MP: 11/11
  4273 | D:5      | Reached *** piety under Elyvilon
  4519 | D:5      | Found Gozag's Platinum Reserve.
  4519 | D:5      | Found an opulent altar of Gozag.
  4735 | D:5      | Found a white marble altar of Elyvilon.
  5361 | D:6      | Reached skill level 5 in Invocations
  5448 | D:6      | Reached skill level 5 in Armour
  5470 | D:6      | Found a glowing golden altar of the Shining One.
  5637 | D:6      | Reached skill level 6 in Invocations
  5662 | D:6      | Reached XP level 9. HP: 55/55 MP: 13/13
  6051 | D:6      | Reached skill level 1 in Shields
  6194 | D:7      | Reached skill level 7 in Invocations
  6505 | D:7      | Reached **** piety under Elyvilon
  6524 | D:7      | Found a staircase to the Ecumenical Temple.
  6534 | Temple   | Entered the Ecumenical Temple
  6692 | D:7      | Noticed Prince Ribbit
  6706 | D:7      | Killed Prince Ribbit
  7021 | D:7      | Reached XP level 10. HP: 63/63 MP: 15/15
  7414 | D:8      | Noticed Joseph
  7432 | D:8      | Killed Joseph
  7503 | D:8      | Reached skill level 5 in Shields
  7503 | D:8      | Reached skill level 8 in Invocations
  7509 | D:8      | Gained mutation: Your flesh is heat resistant. [mutagenic meat]
  8390 | D:9      | Found a basalt altar of Yredelemnul.
  8544 | D:9      | Found an oddly glowing altar of Pakellas.
  8941 | D:10     | Entered Level 10 of the Dungeon
  9007 | D:10     | Found a staircase to the Orcish Mines.
  9056 | D:10     | Reached XP level 11. HP: 44/68 MP: 17/17
  9499 | D:10     | Reached skill level 9 in Invocations
  9633 | D:10     | Noticed a hill giant
  9649 | D:10     | Killed a hill giant
  9785 | D:10     | Found a basalt altar of Yredelemnul.
  9800 | D:10     | Reached ***** piety under Elyvilon
  9848 | D:10     | Noticed a hill giant
  9872 | D:10     | Killed a hill giant
  9927 | Orc:1    | Entered Level 1 of the Orcish Mines
  9955 | Orc:1    | Found a frozen archway.
 10149 | Orc:1    | Noticed a cyclops
 10151 | Orc:1    | Pacified a cyclops
 10176 | Orc:1    | Noticed an orc sorcerer
 10187 | Orc:1    | Killed an orc sorcerer
 10311 | IceCv    | Entered an ice cave
 10399 | IceCv    | HP: 1/69 [ice devil (14)]
 10404 | IceCv    | Mangled by an ice devil

Skill      XL: |  1  2  3  4  5  6  7  8  9 10 11 |
---------------+----------------------------------+-----
Fighting       | 3 4 5 6 7 8 |  8.7
Maces & Flails | 4 5 6 7 8 |  8.8
Armour         | 2 3 5 6 7 8 |  8.1
Invocations    | 1 4 6 7 8 9 |  9.3
Shields        | 4 7 8 |  8.5
Throwing       | |  1.7
Dodging        | |  2.4

Action                   |  1- 3 |  4- 6 |  7- 9 | 10-12 || total
-------------------------+-------+-------+-------+-------++-------
Melee: Flail             |    58 |   207 |   400 |   491 ||  1156
Invok: Lesser Healing    |       |       |     2 |     1 ||     3
       Heal Other        |       |       |     1 |     1 ||     2
       Greater Healing   |       |       |       |     2 ||     2
  Eat: Chunk             |       |     4 |    13 |    12 ||    29
       Pizza             |       |     1 |     1 |       ||     2
       Royal jelly       |       |       |       |     1 ||     1
Armor: Leather armour    |    13 |       |       |       ||    13
       Chain mail        |    13 |    99 |       |       ||   112
       Plate armour      |       |    33 |   283 |   220 ||   536
Dodge: Dodged            |    37 |    87 |   121 |    83 ||   328
Block: Other             |       |    19 |    50 |       ||    69
       Reflection        |       |     1 |     6 |     8 ||    15
       Shield            |       |       |   114 |   385 ||   499
